Map: Abyssal Reef LE

Players

Vlign

  • Race: Terran Terran
  • League: Diamond
  • Spawn Location: 11:00

A.I. 1 (Elite) - Winner!

  • Race: Zerg Zerg
  • Spawn Location: 5:00

VOD

Have the link to the VOD?

Description

Time

  • Played on: July 18, 2018, 1:52 a.m.
  • Length: 5:45
Show
View Real Time Build Order
Export as new Build Order

Vlign Terran 

Build Orders: Cyclone Opening 

Get SALT Encoding   

  12  0:00  SCV  
  13  0:12  SCV  
  14  0:18  Supply Depot  
  14  0:24  SCV  
  15  0:31  Refinery  
  15  0:40  SCV  
  16  0:47  Barracks  
  16  0:52  SCV  
  17  1:04  SCV  
  18  1:16  SCV  
  20  1:35  Reaper  
  20  1:39  Orbital Command  
  20  1:41  Supply Depot  
  20  1:51  Factory  
  20  2:07  Command Center  
  21  2:08  SCV  
  21  2:14  Marine  
  22  2:20  SCV  
  23  2:26  Refinery  
  23  2:32  SCV  
  23  2:34  Cyclone  
  23  2:35  Marine  
  28  2:44  SCV  
  28  2:47  Bunker  
  29  2:54  Marine  
  29  2:56  SCV  
  31  3:13  Refinery  
  31  3:18  Factory Reactor  
  31  3:19  SCV, Marine  
  33  3:20  Orbital Command  
  33  3:25  Armory  
  33  3:31  SCV  
  34  3:39  Barracks Tech Lab  
  34  3:40  Ghost Academy  
  34  3:43  SCV  
  34  3:46  SCV  
  37  3:55  SCV  
  37  3:58  Cyclone  
  37  4:01  Cyclone  
  43  4:04  SCV  
  43  4:09  Ghost  
  46  4:19  Supply Depot  
  46  4:28  Supply Depot  
  46  4:40  SCV x2  
  48  4:55  SCV, Command Center  
  49  5:01  Bunker  
  49  5:04  Barracks  
  49  5:06  Barracks  
  49  5:10  SCV  
Show
View Real Time Build Order
Export as new Build Order

A.I. 1 (Elite) Zerg - Winner!

Build Orders: Pool First 

Get SALT Encoding   

  12  0:00  Drone  
  13  0:12  Overlord  
  13  0:16  Drone  
  14  0:31  Drone x2  
  16  0:42  Spawning Pool  
  15  0:45  Drone  
  15  0:48  Drone  
  17  1:12  Hatchery  
  17  1:13  Drone  
  17  1:17  Extractor  
  16  1:18  Extractor  
  16  1:19  Drone  
  16  1:24  Drone  
  17  1:29  Drone  
  18  1:38  Drone  
  19  1:49  Overlord  
  19  1:56  Queen  
  21  2:02  Zergling x2  
  22  2:11  Drone  
  23  2:24  Queen  
  25  2:30  Drone  
  25  2:36  Drone  
  27  2:41  Drone  
  28  2:45  Drone  
  29  3:00  Roach Warren  
  29  3:01  Drone  
  29  3:04  Drone  
  30  3:07  Zergling x2  
  30  3:10  Zergling x2  
  32  3:17  Overlord  
  32  3:20  Drone  
  32  3:23  Zergling x2  
  32  3:26  Drone  
  34  3:42  Roach x2  
  34  3:43  Roach x2  
  42  3:50  Lair  
  42  3:55  Overlord  
  42  4:00  Overlord  
  42  4:02  Zergling x2  
  43  4:13  Zergling x4, Drone x2  
  43  4:15  Drone  
  48  4:17  Drone  
  48  4:20  Drone  
  50  4:25  Overlord  
  50  4:28  Roach  
  52  4:32  Roach  
  52  4:35  Roach  
  58  4:38  Roach  
  58  4:42  Overlord  
  58  4:48  Drone  
  58  4:50  Drone  
  60  4:52  Hydralisk Den  
  60  4:53  Drone  
  60  4:56  Roach  
  60  4:59  Roach  
  64  5:05  Drone  
  65  5:07  Drone  
  65  5:10  Overlord  
  65  5:13  Drone  
  67  5:15  Drone  
  67  5:16  Drone  
  67  5:19  Drone  
  67  5:20  Drone  
  71  5:22  Drone  
  71  5:26  Drone  
Tags
 
Add a new tag
Caveats
  • Supply blocks, unpowered buildings, or Contaminate may cause inaccurate times.
  • Supply counts are checked every 10 seconds.